Unix NetHack Version 5.0.0-0 post-release - last build May 10 2026 23:12:36 (d1fa5d53e341ca933230fdaa984d921c805b60aa,branch:main).

Game began 2026-05-14 11:03:48, ended 2026-05-14 12:09:15.

Eymerich, chaotic male elven Priest

                         -----    ------       -----            --------
                         |...|    |....|       |...|############.......|
  -----                  |...|    |....|   ## #....|#           |......|
  |.>..##    -----   #   |...|   #......##  # #....|#           .......|
  |...|######|....###0##*.....####|...*|  # ###-----#           |......|
  --.--     #|...|       |....    |....|   0#########           --.-+---
    #       #|...|       ---.-    .....-#   #     ##
    ###     #....|          #     ------#   #
      #      -.|--          #    #      #   #
      #        ##############)0 #####d#@h# ###
 -----.-       #  ##      0   #* #   ##d#   #
 |.....|       ###*      * #######   #---.--#
 |.....|         ###########     #   #-....|#
 |.<...|      ---|-----.-..-        ##.G.`.|#
 |.....|      |.............          |.^..-#
 |.....|      |.............          --....00
 |((...|      |.............
 -------      ------------..

Eymerich the Acolyte         St:12 Dx:10 Co:14 In:11 Wi:20 Ch:10  Chaotic
Dlvl:4  $:121 HP:0(34) Pw:72(72) AC:8  Xp:5 T:3213  Hungry  

Latest messages:
 The dwarf swings her broad pick.
 The dwarf hits!
 What do you want to read? [uCV or ?*]
 As you read the scroll, it disappears.
 You materialize in a different location!
 You hear some noises in the distance.
 You have a sad feeling for a moment, then it passes.
 You attack thin air.
 You hear crashing rock.
 You hear some noises in the distance.
 You feel agile!
 You must have been working on your reflexes.
 You hear crashing rock.
 You sense the presence of monsters.
 (For instructions type a '?')
 You are beginning to feel hungry.
 You stop searching.
 With great effort you move the boulder.
 The leprechaun hits!
 Your purse feels lighter.
 The leprechaun vanishes!
 You see here a dart.
 p - a dart (3 in total).
 You hit the rock mole.
 You miss the rock mole.
 You hit the rock mole.
 You miss the rock mole.
 You miss the rock mole.
 You miss the rock mole.
 The rock mole bites!
 You miss the rock mole.
 The rock mole bites!
 You kill the rock mole!
 You see here a rock.
 The leprechaun hits!
 Your purse feels lighter.
 The leprechaun vanishes!
 The dwarf swings her broad pick.
 The dwarf hits!
 You hit the dwarf.
 The dwarf swings her broad pick.
 The dwarf hits!
 You miss the dwarf.
 The jackal misses the dwarf.
 The dwarf swings her broad pick.
 The dwarf hits!
 You die...
 Do you want your possessions identified? [ynq] (y)
 Do you want to see your attributes? [ynq] (y)
 Do you want an account of creatures vanquished? [ynaq] (y)

Inventory:
 Coins    ('$')
  $ - 121 gold pieces
 Weapons  (')')
  v - a blessed +3 dart
  q - 3 +1 darts
  p - 3 +0 darts
  B - a +0 dagger
  O - a +0 elven dagger
  W - a +0 orcish dagger
  a - a blessed +1 mace (weapon in right hand)
  c - a +0 mace
 Armor    ('[')
  z - a +0 orcish helm (being worn)
  K - a +0 alchemy smock with text "Don't make me poison you" (being worn)
  b - a +0 robe
 Comestibles  ('%')
  e - a clove of garlic
  s - a food ration
  L - 2 lembas wafers
  f - a sprig of wolfsbane
 Scrolls  ('?')
  V - a scroll of create monster
  C - a scroll of teleportation
 Spellbooks  ('+')
  u - a spellbook of detect unseen
 Potions  ('!')
  I - a potion of healing
  G - a potion of invisibility
  T - a blessed potion of restore ability
  y - a blessed potion of speed
  d - 4 potions of holy water
 Wands    ('/')
  t - a wand of speed monster (0:7)
 Tools    ('(')
  j - a bugle
  S - a lock pick
  i - a magic marker (0:20)
  Q - a tinning kit (0:48)
 Gems/Stones  ('*')
  o - 2 cursed amethyst stones named soft
  U - a worthless piece of yellowish brown glass named soft
  Z - 16 rocks

Eymerich the Priest's attributes:

Background:
 You were an Acolyte, a level 5 elven Priest.
 You were chaotic, on a mission for Huhetotl
 who was opposed by Quetzalcoatl (lawful) and Camaxtli (neutral).
 You were right-handed.
 You were in the Dungeons of Doom, on level 4.
 You entered the dungeon 3213 turns ago.
 You had 189 experience points, 131 more were needed to attain level 6.

Basics:
 You had 0 out of 34 hit points.
 You had all 72 energy points (spell power).
 Your armor class was 8.
 Your wallet contained 121 zorkmids.
 Autopickup was off.

Final Characteristics:
 Your strength was 12 (limit:18).
 Your dexterity was 10 (limit:18).
 Your constitution was 14 (limit:16).
 Your intelligence was 11 (limit:20).
 Your wisdom was 20 (limit:20).
 Your charisma was 10 (limit:18).

Final Status:
 You were hungry.
 You were unencumbered.
 You were wielding a mace.
 You had basic skill with mace.

Final Attributes:
 You were piously aligned.
 You were sleep resistant.
 You were poison resistant.
 You were acid resistant.
 Your items were protected from acid.
 You had infravision.
 You were warded.
 You were unlucky.
 You are dead.

Miscellaneous:
 You didn't encounter any bones levels.
 Total elapsed playing time was 1 hour, 5 minutes and 26 seconds.

Major events:
 Turn
    1: Eymerich the chaotic elven Priest entered the dungeon
 1088: attained the rank of Acolyte (level 3)
 3213: killed by a dwarf

Spells:
 Name                 Level Category     Fail Retention
 light                  1   clerical       3%   81%-90%
 detect monsters        1   divination     3%  76%-100%
 jumping                1   escape         3%  76%-100%

Skills:
 Fighting Skills
   bare handed combat [Unskilled]
 Weapon Skills
   club               [Unskilled]
   mace               [Basic]
   morning star       [Unskilled]
   flail              [Unskilled]
   hammer             [Unskilled]
   quarterstaff       [Unskilled]
   polearms           [Unskilled]
   spear              [Unskilled]
   trident            [Unskilled]
   lance              [Unskilled]
   bow                [Unskilled]
   sling              [Unskilled]
   crossbow           [Unskilled]
   dart               [Unskilled]
   shuriken           [Unskilled]
   boomerang          [Unskilled]
   unicorn horn       [Unskilled]
 Spellcasting Skills
   healing spells     [Unskilled]
   divination spells  [Unskilled]
   clerical spells    [Basic]

Voluntary challenges:
 Character rerolling was not enabled.
 You never genocided any monsters.
 You never polymorphed an object.
 You used no wishes.
Achievements:
 You entered a shop.
 You attained the rank of Acolyte.

 The Dungeons of Doom: levels 1 to 5
    Level 1:
       A fountain.
    Level 2: "vault"
       A general store, a fountain.
    Level 3: "vault"
       A grave.
    Level 4: <- You were here.
       Final resting place for
          you, killed by a dwarf.
    Level 5:


Vanquished creatures:
  a small mimic
  a rock mole
  a gnome leader
  3 hill orcs
  a rothe
  a giant bat
  a monkey
  a werejackal
  a coyote
  a gas spore
  2 hobbits
  a large kobold
  a hobgoblin
  a giant rat
  a cave spider
  a brown mold
  3 geckos
  6 jackals
  2 foxes
  2 kobolds
  a goblin
  4 sewer rats
  3 lichens
  a kobold zombie
  7 newts
48 creatures vanquished.

No species were genocided or became extinct.

Game over:
                       ----------
                      /          \
                     /    REST    \
                    /      IN      \
                   /     PEACE      \
                  /                  \
                  |     Eymerich     |
                  |      121 Au      |
                  |   killed by a    |
                  |      dwarf       |
                  |                  |
                  |                  |
                  |       2026       |
                 *|     *  *  *      | *
        _________)/\\_//(\/(/\)/\//\/|_)_______

Goodbye Eymerich the Priest...

You died in The Dungeons of Doom on dungeon level 4 with 1075 points,
and 121 pieces of gold, after 3213 moves.
You were level 5 with a maximum of 34 hit points when you died.

